PCL
LAS VEGAS STARS @ SPOKANE TRAPPERS
08/24/2030
 
TOP OF THE 1ST
Las Vegas Stars batting - Pitching for Spokane Trappers : RHP Honorato Mota
Pitching: RHP Honorato Mota
Batting: RHB Augusto Trevino 0-0: Ball
1-0: Ground out 6-3 (Groundball, 6D)
Batting: LHB Clint Parkinson 0-0: Ball
1-0: Ball
2-0: Ball
3-0: Swinging Strike
3-1: Foul Ball, location: 2F
3-2: Strikes out swinging
Batting: LHB Paco Rivera 0-0: Swinging Strike
0-1: Ball
1-1: Fly out, F3 (Popup, 3)
Top of the 1st over - 0 runs, 0 hits, 0 errors, 0 left on base; Las Vegas 0 - Spokane 0
BOTTOM OF THE 1ST
Spokane Trappers batting - Pitching for Las Vegas Stars : RHP Juan Rodríguez
Pitching: RHP Juan Rodríguez
Batting: RHB Warren Martin 0-0: Called Strike
0-1: Foul Ball, location: 2F
0-2: Ball
1-2: SINGLE (Groundball, 4M) (infield hit)
Batting: LHB Harry Pitts 0-0: Called Strike
0-1: Grounds into double play, 4-6-3 (Groundball, 4)
Batting: LHB Lorenzo Flores 0-0: Ball
1-0: Ball
2-0: Ball
3-0: Called Strike
3-1: Foul Ball, location: 2F
3-2: Ground out 5-3 (Groundball, 5)
Bottom of the 1st over - 0 runs, 1 hit, 0 errors, 0 left on base; Las Vegas 0 - Spokane 0
TOP OF THE 2ND
Las Vegas Stars batting - Pitching for Spokane Trappers : RHP Honorato Mota
Batting: SHB Júlio Salazar 0-0: SINGLE (Groundball, 3D)
Batting: RHB Alonso Holguín 0-0: Ball
1-0: Ball
2-0: Ball
3-0: Base on Balls
Júlio Salazar to second
Batting: LHB Phil Smith 0-0: Called Strike
0-1: Ball
1-1: Ball
2-1: SINGLE (Flyball, 89M)
Júlio Salazar to third
Alonso Holguín to second
Runner from 3rd tries for Home, throw and OUT!
Batting: SHB Enrique Uribe 0-0: Called Strike
0-1: Ball
1-1: Swinging Strike
1-2: Strikes out swinging
Batting: RHB Gilberto Silva 0-0: Called Strike
0-1: Called Strike
0-2: Fielders Choice at 2nd, 6-4 (Groundball, 6)
Top of the 2nd over - 0 runs, 2 hits, 0 errors, 2 left on base; Las Vegas 0 - Spokane 0
BOTTOM OF THE 2ND
Spokane Trappers batting - Pitching for Las Vegas Stars : RHP Juan Rodríguez
Batting: SHB Chris Bennis 0-0: Ball
1-0: Foul Ball, location: 2F
1-1: Ground out 4-3 (Groundball, 4)
Batting: LHB Sixto Cantú 0-0: Ball
1-0: Ball
2-0: Foul Ball, location: 2F
2-1: Ground out 5-3 (Groundball, 5)
Batting: RHB Andrew Good 0-0: Ball
1-0: SINGLE (Line Drive, 7LM)
Batting: RHB Danny Crouch 0-0: Ball
1-0: Ball
2-0: Fly out, F9 (Flyball, 9)
Bottom of the 2nd over - 0 runs, 1 hit, 0 errors, 1 left on base; Las Vegas 0 - Spokane 0
TOP OF THE 3RD
Las Vegas Stars batting - Pitching for Spokane Trappers : RHP Honorato Mota
Batting: RHB Fernando Bórquez 0-0: Ball
1-0: Ball
2-0: Foul Ball, location: 2F
2-1: Ground out 6-3 (Groundball, 56)
Batting: RHB Augusto Trevino 0-0: Swinging Strike
0-1: Called Strike
0-2: Strikes out swinging
Batting: LHB Clint Parkinson 0-0: Called Strike
0-1: Foul Ball, location: 2F
0-2: Ball
1-2: Ball
2-2: Fly out, F9 (Flyball, 9D)
Top of the 3rd over - 0 runs, 0 hits, 0 errors, 0 left on base; Las Vegas 0 - Spokane 0
BOTTOM OF THE 3RD
Spokane Trappers batting - Pitching for Las Vegas Stars : RHP Juan Rodríguez
Batting: RHB Freddy Padilla 0-0: Called Strike
0-1: SINGLE (Groundball, 4M) (infield hit)
Batting: LHB John Cotton Pickoff Throw to First - Out!
0-0: Ball
1-0: Swinging Strike
1-1: Called Strike
1-2: SINGLE (Line Drive, 6MD)
Batting: RHB Warren Martin 0-0: Ball
John Cotton steals 2nd base
1-0: Swinging Strike
1-1: Ball
2-1: Ball
3-1: Swinging Strike
3-2: Base on Balls
Batting: LHB Harry Pitts 0-0: Called Strike
0-1: Ball
1-1: Fly out, F6 (Popup, 6M)
Batting: LHB Lorenzo Flores 0-0: Ball
Wild Pitch!
John Cotton to third
Warren Martin to second
1-0: Ball
2-0: Foul Ball, location: 2F
2-1: Foul Ball, location: 2F
2-2: Fly out, F8 (Flyball, 8RD)
Bottom of the 3rd over - 0 runs, 2 hits, 0 errors, 2 left on base; Las Vegas 0 - Spokane 0
TOP OF THE 4TH
Las Vegas Stars batting - Pitching for Spokane Trappers : RHP Honorato Mota
Batting: LHB Paco Rivera 0-0: Fly out, F7 (Flyball, 7S)
Batting: SHB Júlio Salazar 0-0: DOUBLE (Line Drive, 9D)
Batting: RHB Alonso Holguín 0-0: Ball
1-0: Ball
2-0: Ball
3-0: Base on Balls
Batting: LHB Phil Smith 0-0: Ball
Júlio Salazar steals 3rd base
1-0: Ground out 4-3 (Groundball, 34D)
Júlio Salazar scores
Alonso Holguín to second
Batting: SHB Enrique Uribe 0-0: Called Strike
0-1: Ball
1-1: Swinging Strike
1-2: Foul Ball, location: 2F
1-2: DOUBLE (Flyball, 78XD)
Alonso Holguín scores
Batting: RHB Gilberto Silva 0-0: Ball
1-0: Called Strike
1-1: Ground out 6-3 (Groundball, 6M)
Top of the 4th over - 2 runs, 2 hits, 0 errors, 1 left on base; Las Vegas 2 - Spokane 0
BOTTOM OF THE 4TH
Spokane Trappers batting - Pitching for Las Vegas Stars : RHP Juan Rodríguez
Batting: SHB Chris Bennis 0-0: Called Strike
0-1: Ball
1-1: SINGLE (Line Drive, 78S)
Batting: LHB Sixto Cantú 0-0: Ball
1-0: Foul Ball, location: 2F
1-1: Fly out, F7 (Flyball, 78S)
Batting: RHB Andrew Good 0-0: Ball
1-0: Ball
2-0: Grounds into double play, 6-4-3 (Groundball, 6)
Bottom of the 4th over - 0 runs, 1 hit, 0 errors, 0 left on base; Las Vegas 2 - Spokane 0
TOP OF THE 5TH
Las Vegas Stars batting - Pitching for Spokane Trappers : RHP Honorato Mota
Batting: RHB Fernando Bórquez 0-0: Foul Ball, location: 2F
0-1: Called Strike
0-2: Ball
1-2: Fly out, F7 (Flyball, 7LS)
Batting: RHB Augusto Trevino 0-0: Foul Ball, location: 2F
0-1: Called Strike
0-2: Ball
1-2: Strikes out swinging
Batting: LHB Clint Parkinson 0-0: Foul Ball, location: 2F
0-1: Ball
1-1: Ball
2-1: Fly out, F8 (Flyball, 8LD)
Top of the 5th over - 0 runs, 0 hits, 0 errors, 0 left on base; Las Vegas 2 - Spokane 0
BOTTOM OF THE 5TH
Spokane Trappers batting - Pitching for Las Vegas Stars : RHP Juan Rodríguez
Batting: RHB Danny Crouch 0-0: Swinging Strike
0-1: Ball
1-1: Swinging Strike
1-2: Strikes out swinging
Batting: RHB Freddy Padilla 0-0: Fly out, F9 (Flyball, 9LM)
Batting: LHB John Cotton 0-0: Called Strike
0-1: Ball
1-1: Swinging Strike
1-2: Ball
2-2: Ball
3-2: Strikes out looking
Bottom of the 5th over - 0 runs, 0 hits, 0 errors, 0 left on base; Las Vegas 2 - Spokane 0
TOP OF THE 6TH
Las Vegas Stars batting - Pitching for Spokane Trappers : RHP Honorato Mota
Batting: LHB Paco Rivera 0-0: Ball
1-0: Called Strike
1-1: Ball
2-1: DOUBLE (Line Drive, 7LS)
Pinch Runner at 2nd Gabriel Miranda:
Batting: SHB Júlio Salazar 0-0: DOUBLE (Line Drive, 9D)
Gabriel Miranda scores
Pitching: RHP David Boyer
Batting: RHB Alonso Holguín 0-0: Ball
1-0: Called Strike
1-1: Ball
2-1: Ball
3-1: Foul Ball, location: 2F
3-2: Base on Balls
Batting: LHB Phil Smith 0-0: Ball
Júlio Salazar steals 3rd base
1-0: 3-RUN HOME RUN (Flyball, 9D), Distance : 376 ft
Batting: SHB Enrique Uribe 0-0: Called Strike
0-1: Ball
1-1: Foul Ball, location: 2F
1-2: Ground out U3 (Groundball, 3S)
Batting: RHB Gilberto Silva 0-0: Fly out, F9 (Flyball, 9LS)
Batting: RHB Fernando Bórquez 0-0: Ball
1-0: Ball
2-0: Swinging Strike
2-1: Foul Ball, location: 2F
2-2: Fly out, F8 (Flyball, 8LM)
Top of the 6th over - 4 runs, 3 hits, 0 errors, 0 left on base; Las Vegas 6 - Spokane 0
BOTTOM OF THE 6TH
Spokane Trappers batting - Pitching for Las Vegas Stars : RHP Juan Rodríguez
Now at 1B: Gabriel Miranda
Batting: RHB Warren Martin 0-0: Called Strike
0-1: Called Strike
0-2: Ball
1-2: SOLO HOME RUN (Line Drive, 7LD), Distance : 350 ft
Batting: LHB Harry Pitts 0-0: Called Strike
0-1: Ball
1-1: Ground out 6-3 (Groundball, 4M)
Batting: LHB Lorenzo Flores 0-0: Called Strike
0-1: Ball
1-1: Foul Ball, location: 2F
1-2: Strikes out looking
Batting: SHB Chris Bennis 0-0: Ball
1-0: Called Strike
1-1: DOUBLE (Line Drive, 7LS)
Batting: LHB Sixto Cantú 0-0: Fly out, F6 (Flyball, 6MD)
Bottom of the 6th over - 1 run, 2 hits, 0 errors, 1 left on base; Las Vegas 6 - Spokane 1
TOP OF THE 7TH
Las Vegas Stars batting - Pitching for Spokane Trappers : RHP David Boyer
Batting: RHB Augusto Trevino 0-0: Ball
1-0: Ball
2-0: Ball
3-0: Base on Balls
Batting: LHB Clint Parkinson 0-0: Called Strike
Augusto Trevino steals 2nd base
0-1: Ball
1-1: Ball
2-1: Foul Ball, location: 2F
2-2: 2-RUN HOME RUN (Line Drive, 89XD), Distance : 410 ft
Pitching: RHP Mark Tidwell
Batting: RHB Gabriel Miranda 0-0: Called Strike
0-1: Called Strike
0-2: Ball
1-2: Ball
2-2: Reached on error, E1 (Groundball, 15S)
Batting: SHB Júlio Salazar 0-0: Ball
1-0: Foul Ball, location: 2F
1-1: Ball
2-1: SINGLE (Flyball, 78S)
Gabriel Miranda to third
Batting: RHB Alonso Holguín 0-0: Ball
Júlio Salazar steals 2nd base
1-0: Ball
2-0: Called Strike
2-1: Called Strike
2-2: Strikes out swinging
Batting: LHB Phil Smith 0-0: Ball
1-0: Ball
2-0: Called Strike
2-1: Ball
3-1: Called Strike
3-2: Strikes out swinging
Batting: SHB Enrique Uribe 0-0: Called Strike
0-1: DOUBLE (Flyball, 8LD)
Gabriel Miranda scores
Júlio Salazar scores
Batting: RHB Gilberto Silva 0-0: Single, Error in OF, E9, batter to second base
Enrique Uribe scores
Pitching: RHP Dave Adams
Batting: RHB Fernando Bórquez 0-0: Called Strike
0-1: Ground out 6-3 (Groundball, 6)
Top of the 7th over - 5 runs, 4 hits, 2 errors, 1 left on base; Las Vegas 11 - Spokane 1
BOTTOM OF THE 7TH
Spokane Trappers batting - Pitching for Las Vegas Stars : RHP Juan Rodríguez
Batting: RHB Andrew Good 0-0: Ball
1-0: Ball
2-0: Ball
3-0: Base on Balls
Pitching: LHP Justin Short
Batting: RHB Danny Crouch 0-0: Foul Ball, location: 2F
0-1: Foul Ball, location: 2F
0-2: Foul Ball, location: 2F
0-2: Ball
1-2: 2-RUN HOME RUN (Flyball, 7D), Distance : 379 ft
Batting: RHB Freddy Padilla 0-0: Ball
1-0: Called Strike
1-1: Ground out 6-3 (Groundball, 6)
Batting: LHB John Cotton 0-0: Called Strike
0-1: Called Strike
0-2: Fly out, F9 (Flyball, 9LM)
Batting: RHB Warren Martin 0-0: Ball
1-0: Foul Ball, location: 2F
1-1: Foul Ball, location: 2F
1-2: Strikes out swinging
Bottom of the 7th over - 2 runs, 1 hit, 0 errors, 0 left on base; Las Vegas 11 - Spokane 3
TOP OF THE 8TH
Las Vegas Stars batting - Pitching for Spokane Trappers : RHP Dave Adams
Batting: RHB Augusto Trevino 0-0: Foul Ball, location: 2F
0-1: Swinging Strike
0-2: Ball
1-2: Foul Ball, location: 2F
1-2: SINGLE (Flyball, 8LS)
Batting: LHB Clint Parkinson 0-0: Ball
1-0: Foul Ball, location: 2F
1-1: Foul Ball, location: 2F
1-2: Fly out, F8 (Flyball, 8LXD)
Batting: RHB Gabriel Miranda 0-0: Ball
1-0: Ball
2-0: Ball
3-0: Called Strike
3-1: Base on Balls
Augusto Trevino to second
Batting: SHB Júlio Salazar 0-0: Ball
1-0: Ball
2-0: Ball
3-0: Called Strike
3-1: Called Strike
3-2: Base on Balls
Augusto Trevino to third
Gabriel Miranda to second
Batting: RHB Alonso Holguín 0-0: Ball
1-0: Ball
2-0: Called Strike
2-1: Ball
3-1: Base on Balls
Augusto Trevino scores
Gabriel Miranda to third
Júlio Salazar to second
Batting: LHB Phil Smith 0-0: Foul Ball, location: 2F
0-1: Foul Ball, location: 2F
0-2: Foul Ball, location: 2F
0-2: Strikes out looking
Batting: SHB Enrique Uribe 0-0: Called Strike
0-1: Ball
1-1: Ground out 3-1 (Groundball, 34)
Top of the 8th over - 1 run, 1 hit, 0 errors, 3 left on base; Las Vegas 12 - Spokane 3
BOTTOM OF THE 8TH
Spokane Trappers batting - Pitching for Las Vegas Stars : LHP Justin Short
Now at 2B: Sam Wallace
Batting: LHB Harry Pitts 0-0: Called Strike
0-1: Ball
1-1: Swinging Strike
1-2: Ball
2-2: Strikes out looking
Batting: LHB Lorenzo Flores 0-0: Ball
1-0: Called Strike
1-1: Called Strike
1-2: Foul Ball, location: 2F
1-2: Ball
2-2: Foul Ball, location: 2F
2-2: Ball
3-2: SINGLE (Line Drive, 9S)
Batting: SHB Chris Bennis 0-0: Called Strike
0-1: Ball
1-1: Ground out 3-1 (Groundball, 34S)
Lorenzo Flores to second
Batting: LHB Sixto Cantú 0-0: Ball
1-0: Ball
2-0: Ball
3-0: Called Strike
3-1: Swinging Strike
3-2: Fly out, F7 (Flyball, 7S)
Bottom of the 8th over - 0 runs, 1 hit, 0 errors, 1 left on base; Las Vegas 12 - Spokane 3
TOP OF THE 9TH
Las Vegas Stars batting - Pitching for Spokane Trappers : RHP Dave Adams
Batting: RHB Gilberto Silva 0-0: Foul Ball, location: 2F
0-1: Swinging Strike
0-2: Strikes out looking
Batting: RHB Fernando Bórquez 0-0: Ball
1-0: Ball
2-0: Called Strike
2-1: Foul Ball, location: 2F
2-2: Strikes out swinging
Batting: RHB Augusto Trevino 0-0: Called Strike
0-1: Ball
1-1: Foul Ball, location: 2F
1-2: Foul Ball, location: 2F
1-2: Strikes out looking
Top of the 9th over - 0 runs, 0 hits, 0 errors, 0 left on base; Las Vegas 12 - Spokane 3
BOTTOM OF THE 9TH
Spokane Trappers batting - Pitching for Las Vegas Stars : LHP Justin Short
Batting: RHB Andrew Good 0-0: Ball
1-0: SINGLE (Flyball, 7S)
Batting: RHB Danny Crouch 0-0: Ball
1-0: Called Strike
1-1: Swinging Strike
1-2: Foul Ball, location: 2F
1-2: Strikes out swinging
Batting: RHB Freddy Padilla 0-0: Foul Ball, location: 2F
0-1: Called Strike
0-2: Strikes out swinging
Batting: LHB John Cotton 0-0: Foul Ball, location: 2F
0-1: Fly out, F7 (Line Drive, 7D)
Bottom of the 9th over - 0 runs, 1 hit, 0 errors, 1 left on base; Las Vegas 12 - Spokane 3
Saturday, April 7th, 2018 - OOTP Baseball 18.8 Build 76